 Dungeon Crawl Stone Soup version 0.30-a0-469-g84de5afbc5 (webtiles) character file.

Game seed: 17466604816918826813

2825 spardeous the Nimble (level 9, -10/44 HPs)
             Began as a Felid Earth Elementalist on Dec 20, 2022.
             Was an Initiate of Gozag.
             Mangled by a hornet (13 damage)
             ... while paralysed by a hornet
             ... on level 9 of the Dungeon.
             The game lasted 00:27:56 (12918 turns).

spardeous the Nimble (Felid Earth Elementalist)    Turns: 12918, Time: 00:27:57

Health: -10/44     AC:  2    Str:  2    XL:     9   Next: 45%
Magic:  10/18      EV:  4    Int: 27    God:    Gozag
Gold:   1120       SH:  0    Dex: 17    Spells: 10/18 levels left
                                        Lives:  0   Deaths: 2

rFire   . . .      SeeInvis +      - Unarmed
rCold   . . .      Faith    .    (shield unavailable)
rNeg    + . .      Spirit   .    (body armour unavailable)
rPois   .          Reflect  .    (helmet unavailable)
rElec   +          Harm     .    (cloak unavailable)
rCorr   .          Rampage  .    (gloves unavailable)
Will    +....                    (boots unavailable)
Stlth   ++........               (no amulet)
HPRegen 0.27/turn                D - +6 ring of intelligence
MPRegen 0.16/turn                C - ring of positive energy

@: paralysed, lethally poisoned (-10 -> -18), very slightly contaminated,
slowed, quick
A: very small, claws 1, fangs 3, see invisible, speed 1, shaggy fur 2, stealthy
paws, no weapons or thrown items, no armour, multi-lived, electricity
resistance, weak 1, no potion heal 1
a: Renounce Religion, Potion Petition, Call Merchant, Bribe Branch


You were on level 9 of the Dungeon.
You worshipped Gozag.
Gozag was most pleased with you.
You visited 2 branches of the dungeon, and saw 10 of its levels.
You also visited: Sewer.

You collected 1336 gold pieces.
You spent 117 gold pieces at shops.
You paid 99 gold pieces to Gozag.

Inventory:

Jewellery
 C - a ring of positive energy (right paw)
 D - a +6 ring of intelligence (left paw)
Wands
 t - a wand of paralysis (16)
 x - a wand of flame (20)
 y - a wand of polymorph (8)
 F - a wand of digging (4)
Scrolls
 d - a scroll of identify
 e - 5 scrolls of teleportation {unknown}
 f - 3 scrolls of poison {unknown}
 g - 2 scrolls of fear {unknown}
 h - a scroll of blinking {unknown}
 i - 2 scrolls of vulnerability {unknown}
 j - 4 scrolls of magic mapping {unknown}
 l - 3 scrolls of fog {unknown}
 p - 3 scrolls of immolation {unknown}
 q - 3 scrolls of amnesia {unknown}
 u - a scroll of enchant weapon {unknown}
 v - 2 scrolls of brand weapon {unknown}
 z - a scroll of enchant armour {unknown}
Potions
 a - 2 potions of magic
 b - 4 potions of degeneration {unknown}
 c - a potion of invisibility
 k - 4 potions of haste {unknown}
 m - 4 potions of attraction {unknown}
 n - 2 potions of lignification {unknown}
 o - 4 potions of cancellation
 r - 3 potions of flight
 s - 4 potions of heal wounds
 w - a potion of brilliance
 A - a potion of berserk rage
 B - 2 potions of might {unknown}
 E - a potion of curing {unknown}


   Skills:
 - Level 8.0 Fighting
 + Level 10.3 Dodging
 - Level 2.6 Stealth
 - Level 5.5 Unarmed Combat
 - Level 5.3 Spellcasting
 - Level 5.4 Conjurations
 - Level 2.2 Transmutations
 - Level 8.1 Earth Magic


You had 10 spell levels left.
You knew the following spells:

 Your Spells              Type           Power      Damage    Failure   Level
a - Sandblast             Erth           100%       2d20      1%          1
b - Stone Arrow           Conj/Erth      86%        3d12      1%          3
c - Petrify               Tmut/Erth      35%        N/A       9%          4

Your spell library contained the following spells:

 Spells                   Type           Power      Damage    Failure   Level
 Passwall                 Tmut/Erth      29%        N/A       1%          2
 Foxfire                  Conj/Fire      84%        2x1d8     2%          1
 Momentum Strike          Conj/Tloc      42%        3d9       3%          2
 Blink                    Tloc           14%        N/A       11%         2
 Inner Flame              Hex/Fire       7%         N/A       21%         3
 Lesser Beckoning         Tloc           14%        N/A       21%         3
 Tukima's Dance           Hex            7%         N/A       21%         3
 Vhi's Electric Charge    Tloc/Air       14%        N/A       21%         3
 Borgnjor's Vile Clutch   Necr/Erth      14%        N/A       36%         5
 Arcjolt                  Conj/Air       10%        1d20      54%         5
 Fireball                 Conj/Fire      10%        3d6       54%         5
 Cause Fear               Hex            3%         N/A       56%         4
 Blade Hands              Tmut           9%         N/A       61%         5
 Starburst                Conj/Fire      10%        6d5       98%         6
 Death Channel            Necr           3%         N/A       100%        6
 Discord                  Hex            3%         N/A       100%        8
 Maxwell's Capacitive Co  Air            3%         ∞         100%        8
 Portal Projectile        Hex/Tloc       Unusable   N/A       N/A         3
 Animate Dead             Necr           Unusable   N/A       N/A         4

Dungeon Overview and Level Annotations

Branches:
Dungeon (9/15)             Temple (1/1) D:5           Sewer (visited)
   Lair: D:8-11         Orc: D:9-12

Altars:
Ashenzari
Cheibriados
Dithmenos
Elyvilon
Fedhas
Gozag
Hepliaklqana
Kikubaaqudgha
Makhleb
Nemelex Xobeh
Okawaru
Qazlal
Ru
Sif Muna
Trog
Uskayaw
Vehumet
Wu Jian
Xom
Yredelemnul
Zin
The Shining One

Shops:
D:9 *


Innate Abilities, Weirdness & Mutations

You have sharp claws.
You have razor-sharp teeth.
You have supernaturally acute eyesight. (SInv)
You cover ground quickly. (Speed+)
You are covered in thick fur. (AC +2)
Your paws help you pounce on unaware monsters.
You are incapable of wielding weapons or throwing items.
You cannot wear armour.
You gain extra lives every three experience levels.
You are resistant to electric shocks. (rElec)
You are weak. (Str -2)
Potions are less effective at restoring your health.


Message History

The hornet buzzes angrily.
Casting: Stone Arrow (safe; 1% risk of failure)
Confirm with . or Enter, or press ? or * to list all spells.
Aiming: Stone Arrow (safe; 1% risk of failure)
Press: ? - help, Shift-Dir - straight line, f - hornet
Aim: a hornet (64% to hit)
The stone arrow misses the hornet.
Casting: Stone Arrow (safe; 1% risk of failure)
Confirm with . or Enter, or press ? or * to list all spells.
Aiming: Stone Arrow (safe; 1% risk of failure)
Press: ? - help, Shift-Dir - straight line, f/p - hornet
Aim: a hornet (64% to hit)
You miscast Stone Arrow.
You are very lightly contaminated with residual magic.
Nothing appears to happen.
The hornet completely misses you. The hornet stings you!
You are poisoned.
You feel yourself slow down. The hornet attacks as you move away!
The hornet stings you.
You feel as though you will be slow longer.
You feel very sick. The hornet barely misses you.
The hornet attacks as you move away! The hornet completely misses you.
You feel sick. The hornet stings you!
You feel as though you will be slow longer.
You feel sick.
You feel sick. The hornet completely misses you.
Casting: Stone Arrow (safe; 1% risk of failure)
Confirm with . or Enter, or press ? or * to list all spells.
Aiming: Stone Arrow (safe; 1% risk of failure)
Press: ? - help, Shift-Dir - straight line, f/p - hornet
Aim: a hornet (64% to hit)
The stone arrow hits the hornet!
The hornet is heavily wounded.
You feel sick. The hornet stings you!
* * * LOW HITPOINT WARNING * * *
You are lethally poisoned!
You suddenly lose the ability to move!
The hornet stings you!
You die...
Your body crumbles into a pile of gold.

# ###############
## #.............#
.###....###.####.#
..#.....# #.#
#.##....###.####y#
........##......@#
#.#...####..###..#
####..####..(....#
..)##........##.##
######...#.#.##.#
#c##.##.#.##.#
#c#...)......##
#.##.#....#...##
#. ####........#


You could see a hornet.

Vanquished Creatures
  An ugly thing (D:9)
  2 cyclopes (D:9)
  A manticore (D:9)
  Joseph (D:8)
  2 trolls (D:9)
  A hornet (D:9)
  The ghost of Encipher the Skirmisher, an amateur KoHu (D:4)
  4 yaks (D:9)
  Sigmund (D:2)
  A shadow (D:9)
  2 wyverns
  A steam dragon (D:9)
  An acid dragon (D:9)
  A water moccasin (D:5)
  An orc warrior (D:8)
  A sky beast (D:6)
  3 black bears
  2 ogres
  4 centaurs
  A phantom (D:7)
  3 kobold brigands
  3 bullfrogs
  6 necrophages
  A gnoll sergeant (D:8)
  2 scorpions
  16 wights
  6 killer bees
  3 howler monkeys (D:7)
  A crimson imp (D:8)
  4 hounds
  2 jellies
  2 orc priests
  A gnoll bouda (D:9)
  3 iguanas
  Ijyb (D:4)
  6 orc wizards
  Robin (D:2)
  12 adders
  4 gnolls (D:8)
  A river rat (Sewer)
  A white imp (D:4)
  2 worms
  3 dart slugs
  17 orcs
  11 bats
  5 endoplasms
  3 giant cockroaches
  9 goblins
  6 hobgoblins
  4 jackals
  4 quokkas
  A ball python (D:1)
  A frilled lizard (D:3)
  28 kobolds
  6 rats
211 creatures vanquished.

Notes
Turn   | Place    | Note
-------+----------+-------------------------------------------
     0 | D:1      | spardeous the Felid Earth Elementalist began the quest for
                  | the Orb.
     0 | D:1      | Reached XP level 1. HP: 7/7 MP: 4/4
   571 | D:1      | Reached XP level 2. HP: 10/11 MP: 1/6
   796 | D:1      | Found a faded altar of an unknown god.
   836 | D:1      | Got Plato's Discourse on Heat
  1107 | D:2      | Noticed Robin
  1292 | D:2      | Killed Robin
  1293 | D:2      | Reached XP level 3. HP: 14/14 MP: 2/7
  1438 | D:2      | Learned a level 3 spell: Stone Arrow
  1455 | D:2      | Noticed a necrophage
  1494 | D:2      | Killed a necrophage
  1495 | D:2      | Reached XP level 4. HP: 18/18 MP: 3/8
  1757 | D:2      | Reached skill level 5 in Earth Magic
  1980 | D:2      | Reached skill level 3 in Dodging
  2000 | D:2      | Noticed Sigmund
  2050 | D:2      | Killed Sigmund
  2051 | D:2      | Reached skill level 5 in Dodging
  2051 | D:2      | Reached XP level 5. HP: 15/21 MP: 6/9
  2051 | D:2      | Gained mutation: You are covered in thick fur. (AC +2)
                  | [Felid growth]
  2051 | D:2      | Reached XP level 6. HP: 17/24 MP: 6/10
  2563 | D:3      | Identified the +3 ring mail "Ulom" {rPois Will++ Dex+2
                  | SInv}
  2614 | D:3      | Reached skill level 6 in Dodging
  2723 | D:3      | Found a glowing drain.
  2749 | Sewer    | Entered a sewer
  2880 | Sewer    | Reached skill level 7 in Dodging
  2972 | Sewer    | Found a white marble altar of Elyvilon.
  3259 | D:3      | Found a broken altar of Ashenzari.
  3877 | D:3      | Reached XP level 7. HP: 23/27 MP: 6/12
  4069 | D:4      | Noticed Ijyb
  4086 | D:4      | Killed Ijyb
  4300 | D:4      | Found a runed translucent gate.
  4300 | D:4      | Found a runed translucent gate.
  4300 | D:4      | Found a runed translucent gate.
  4304 | D:4      | Noticed Encipher's ghost (amateur KoHu)
  4414 | D:4      | Reached skill level 5 in Spellcasting
  4528 | D:4      | Found a stormy altar of Qazlal.
  4733 | D:5      | Entered Level 5 of the Dungeon
  4850 | D:5      | Reached skill level 1 in Fighting
  5012 | D:5      | Found a shimmering blue altar of Sif Muna.
  5107 | D:5      | Found a staircase to the Ecumenical Temple.
  5266 | D:5      | Reached XP level 8. HP: 32/32 MP: 13/17
  5797 | Temple   | Entered the Ecumenical Temple
  5812 | Temple   | Became a worshipper of Gozag Ym Sagoz the Greedy
  5961 | D:5      | Learned a level 4 spell: Petrify
  6166 | D:6      | Reached skill level 5 in Fighting
  6604 | D:6      | Found a bloodstained altar of Trog.
  6637 | D:6      | Found an iron altar of Okawaru.
  6642 | D:6      | Found a blossoming altar of Fedhas.
  6642 | D:6      | Found a snail-covered altar of Cheibriados.
  6655 | D:6      | Found a hazy altar of Hepliaklqana.
  6993 | D:4      | Killed Encipher's ghost
  6994 | D:4      | Reached XP level 9. HP: 41/43 MP: 13/18
  9276 | D:8      | Noticed Joseph
  9299 | D:8      | Killed Joseph
  9503 | D:8      | Reached XP level 10. HP: 48/48 MP: 12/19
  9884 | D:8      | Identified the +7 plate armour of Licoqief {Fly rC++}
  9929 | D:8      | Found a shimmering altar of Xom.
  9929 | D:8      | Found a burning altar of Makhleb.
 10573 | D:9      | Found Wekhynt's Assorted Antiques.
 10676 | D:9      | Bought a scroll labelled DANUPI UCUBUS for 30 gold pieces
 10676 | D:9      | Bought a glowing white potion for 27 gold pieces
 10676 | D:9      | Bought a scroll labelled BONUER QIQITSA for 30 gold pieces
 10676 | D:9      | Bought a scroll labelled NEICUYCKO XETI for 30 gold pieces
 10683 | D:9      | Gained mutation: Potions are less effective at restoring
                  | your health. [potion of mutation]
 10683 | D:9      | Gained mutation: You are weak. (Str -2) [potion of
                  | mutation]
 10683 | D:9      | Gained mutation: You are resistant to electric shocks.
                  | (rElec) [potion of mutation]
 10986 | D:9      | Reached skill level 5 in Conjurations
 11009 | D:9      | Reached skill level 1 in Unarmed Combat
 11659 | D:9      | Reached skill level 5 in Unarmed Combat
 11666 | D:9      | Killed from afar by a steam dragon
 11667 | D:9      | Reached XP level 9. HP: -2/44 MP: 8/18
 11812 | D:9      | Noticed a cyclops
 11911 | D:9      | Killed a cyclops
 11912 | D:9      | Reached skill level 8 in Dodging
 11996 | D:9      | Noticed a green ugly thing
 12157 | D:9      | Killed a green ugly thing
 12158 | D:9      | Reached skill level 9 in Dodging
 12158 | D:9      | Reached XP level 10. HP: 16/48 MP: 4/19
 12314 | D:9      | Noticed a sea snake
 12327 | D:9      | Noticed a manticore
 12332 | D:9      | a manticore changed into a snapping turtle
 12494 | D:9      | Noticed a manticore
 12498 | D:9      | Noticed a deep elf pyromancer
 12534 | D:9      | Killed a manticore
 12534 | D:9      | Noticed a wizard
 12668 | D:9      | Noticed a wolf spider
 12680 | D:9      | HP: 2/48 [wolf spider (shapeshifter) (5)]
 12681 | D:9      | Slain by a wolf spider (shapeshifter)
 12682 | D:9      | Reached XP level 9. HP: -5/44 MP: 11/18
 12706 | D:9      | Noticed a cyclops
 12709 | D:9      | Killed a cyclops
 12710 | D:9      | Reached skill level 10 in Dodging
 12809 | D:9      | Noticed a centaur warrior
 12840 | D:9      | Noticed a deep elf pyromancer
 12841 | D:9      | Noticed a centaur warrior
 12918 | D:9      | Paralysed by a hornet for 2 turns
 12918 | D:9      | Mangled by a hornet

Illustrated notes

Levels and vault maps discovered:
D:1:      dpeg_arrival_tiny_k, layout_basic,
          shapermc_ecumenical_altar_rom_forum, chequers_mini_garden,
          serial_bayou_lake_a
D:2:      layout_loops_corners, uniq_sigmund, uniq_robin
D:3:      layout_loops_ring, mainiacjoe_overflow_cross_hatched,
          cheibrodos_sewer_entry_bend, minmay_misc_feat_cross, minmay_pentangle
D:4:      layout_rooms, amcnicky_altar_gilded, gammafunk_ghost_nasty_kobolds,
          serial_park_tiny_2, mrwooster_statue_mirror, uniq_ijyb
D:5:      layout_loops_corners, nicolae_sif_muna_condensation,
          lemuel_temple_firewalk_b
D:6:      layout_cave_pools, nicolae_overflow_hallway_of_the_gods,
          minmay_checkerbox
D:7:      layout_basic
D:8:      layout_basic, grunt_temple_overflow_champion_of_chaos, serial_curves,
          eino_curves_03, eino_curves_04, nicolae_benzene_ring,
          roderic_malta_cross, uniq_joseph
D:9:      minmay_bloctagon, layout_loops_corners, serial_shops, shop,
          minmay_misc_feat_rows, minmay_fractal_squares_gapless_7
Temple:   nicolae_temple_bog_church

Skill      XL: |  1  2  3  4  5  6  7  8  9 10 |
---------------+-------------------------------+-----
Earth Magic    | 3 4 5 8 |  8.1
Dodging        | 5 7 10 | 10.3
Transmutations | 2 |  2.2
Spellcasting   | 5 |  5.3
Fighting       | 1 7 8 |  8.0
Conjurations   | 3 5 |  5.4
Unarmed Combat | 5 |  5.5
Stealth        | |  2.6

Action                   |  1- 3 |  4- 6 |  7- 9 | 10-12 || total
-------------------------+-------+-------+-------+-------++-------
Melee: Unarmed           |    15 |     6 |       |       ||    21
 Cast: Sandblast         |    49 |    72 |   209 |    43 ||   373
       Stone Arrow       |       |       |    63 |    61 ||   124
       Petrify           |       |       |     2 |       ||     2
  Use: Potion            |       |       |     1 |     3 ||     4
       Scroll            |       |       |       |     5 ||     5
Armor: Skin              |     1 |     3 |     3 |       ||     7
Dodge: Dodged            |    34 |    30 |   126 |    31 ||   221

Table legend: (Time is in decaauts)
 A = Elapsed time spent in this place.
 B = Non-inter-level travel time spent in this place.
 C = Inter-level travel time spent in this place.
 D = Time resting spent in this place.
 E = Time spent auto-exploring this place.
 F = Levels seen in this place.
 G = Mean time per level.
                   A        B        C        D        E       F      G
               +--------+--------+--------+--------+--------+-----+--------+
         Total |  11575 |  10747 |    828 |    584 |   7864 |  11 | 1052.3 |
       Dungeon |  11111 |  10298 |    813 |    553 |   7594 |   9 | 1234.6 |
        Temple |    135 |    120 |     15 |      0 |    104 |   1 |  135.0 |
         Sewer |    329 |    329 |      0 |     31 |    165 |   1 |  329.0 |
               +--------+--------+--------+--------+--------+-----+--------+

Top non-repeatable levels by time:
     D:9: 1912 daAuts
     D:8: 1552 daAuts
     D:7: 1492 daAuts
     D:2: 1196 daAuts
     D:4: 1141 daAuts
     D:1: 1047 daAuts
     D:5: 1023 daAuts
     D:3: 885 daAuts
     D:6: 859 daAuts
   Sewer: 329 daAuts
  Temple: 135 daAuts
